[Event "Late-Titled-Tuesday-Blitz-April-16-2024"]
[Site "Chess.com"]
[Date "2024.04.16"]
[Round "6"]
[White "Attacker_2006"]
[Black "KorolDimitriy75"]
[Result "1-0"]
[WhiteElo "2509"]
[BlackElo "2325"]
[TimeControl "180+1"]
[EndTime "15:00:33 PDT"]
[Termination "Attacker_2006 won on time"]

1. e4 c5 2. Nc3 g6 3. d4 cxd4 4. Qxd4 Nf6 5. Be3 Nc6 6. Qd2 d6 7. f3 Bg7 8. O-O-O O-O 9. g4 Qa5 10.
Bh6 Be6 11. Kb1 Rfc8 12. Bxg7 Kxg7 13. h4 Ne5 14. a3 Rab8 15. h5 b5 16. hxg6 fxg6 17.
g5 Nh5 18. f4 b4 19. Nd5 Bxd5 20. exd5 Nd7 21. Nf3 bxa3 22. Qxa5 1-0

[Event "Late-Titled-Tuesday-Blitz-April-16-2024"]
[Site "Chess.com"]
[Date "2024.04.16"]
[Round "6"]
[White "SmirnovTimofey2000"]
[Black "GWR2024"]
[Result "1-0"]
[WhiteElo "1991"]
[BlackElo "2159"]
[TimeControl "180+1"]
[EndTime "15:00:35 PDT"]
[Termination "SmirnovTimofey2000 won by checkmate"]

1. d4 f5 2. h3 d5 3. Nf3 c5 4.
Bf4 Nc6 5. e3 Nf6 6. c3 g6 7.
Nbd2 Bg7 8. Ne5 O-O 9. Ndf3 Ne4 10. Bd3 e6 11. Nxc6 bxc6 12. Be5 c4 13. Bxg7 Kxg7 14. Bxe4 dxe4 15. Ne5 Qd5 16. h4 c5 17. h5 cxd4 18. cxd4 f4 19. hxg6 hxg6 20. Qg4 Rf6 21. Qh4 Ba6 22. Qh7+ Kf8 23. Qh8+ Ke7 24. Qg7+ Kd6 25. Qd7# 1-0

[Event "Late-Titled-Tuesday-Blitz-April-16-2024"]
[Site "Chess.com"]
[Date "2024.04.16"]
[Round "6"]
[White "Godzillator"]
[Black "HipsterChess22"]
[Result "1-0"]
[WhiteElo "2362"]
[BlackElo "2236"]
[TimeControl "180+1"]
[EndTime "15:00:43 PDT"]
[Termination "Godzillator won on time"]

1. c4 c6 2. e4 d5 3. exd5 cxd5 4. cxd5 a6 5. Nc3 Nf6 6. d4 Nxd5 7. Nf3 g6 8. Bc4 Be6 9. Qb3 Nxc3 10. Bxe6 fxe6 11.
bxc3 Qd5 12. c4 Qe4+ 13. Be3 Bg7 14. O-O O-O 15. Ng5 Qc6 16. c5 Rf6 17. Rfe1 Nd7 18. Rab1 h6 19. Nxe6 Qxe6 20. d5 Qf7 21. Qxb7 Rd8 22. c6 Ne5 23. c7 1-0

[Event "Late-Titled-Tuesday-Blitz-April-16-2024"]
[Site "Chess.com"]
[Date "2024.04.16"]
[Round "6"]
[White "PapaieDudu"]
[Black "dasatcu90"]
[Result "0-1"]
[WhiteElo "2320"]
[BlackElo "2185"]
[TimeControl "180+1"]
[EndTime "15:00:44 PDT"]
[Termination "dasatcu90 won by checkmate"]

1. Nf3 d5 2. d4 Nf6 3. c4 c6 4.
Nc3 a6 5. e3 b5 6. cxd5 cxd5 7.
Bd3 Bg4 8. O-O e6 9. h3 Bh5 10. e4 Nc6 11. exd5 Nxd5 12. g4 Bg6 13. Ne5 Nxe5 14. dxe5 Nxc3 15. Bxg6 Nxd1 16. Bc2 Nxb2 17. Bxb2 Bc5 18. Be4 Rc8 19. Rad1 Qb6 20. Kg2 O-O 21. Bc1 Rfd8 22. Rde1 Bd4 23. Bg5 f6 24. exf6 gxf6 25. Bf4 Be5 26. Be3 Qd6 27. f4 Bd4 28. Bc1 Rc4 29.
Rd1 Qb6 30. Rf3 Bc5 31. Re1 Bb4 32. Ref1 Rxe4 33. f5 e5 34. g5 Re2+ 35. Kg3 e4 36. Rb3 Qd6+ 37. Bf4 Qd3+ 38. Kg4 Rg2+ 39. Kh5 Qxf1 40.
gxf6 Qxf4 41. f7+ Kxf7 42. Rf3 Qg5# 0-1

[Event "Late-Titled-Tuesday-Blitz-April-16-2024"]
[Site "Chess.com"]
[Date "2024.04.16"]
[Round "6"]
[White "Mariia89"]
[Black "shirovin"]
[Result "0-1"]
[WhiteElo "2222"]
[BlackElo "2051"]
[TimeControl "180+1"]
[EndTime "15:00:48 PDT"]
[Termination "shirovin won by resignation"]

1. d4 f5 2. g3 Nf6 3. Bg2 g6 4. Nf3 Bg7 5. O-O O-O 6. c4 d6 7.
Nc3 Qe8 8. h3 e5 9. e4 fxe4 10.
Ng5 h6 11. Ngxe4 Nxe4 12. Nxe4 exd4 13. Re1 Qd8 14. Qb3 Nc6 15. Bd2 Kh7 16. h4 Ne5 17. h5 g5 18. Rad1 Bg4 19. Qc2 Kh8 20. Bc1 Nf3+ 21. Kh1 Qe8 22. Bd2 Qxh5+ 0-1

[Event "Late-Titled-Tuesday-Blitz-April-16-2024"]
[Site "Chess.com"]
[Date "2024.04.16"]
[Round "6"]
[White "Zapateado"]
[Black "simaopdias"]
[Result "1-0"]
[WhiteElo "2386"]
[BlackElo "2243"]
[TimeControl "180+1"]
[EndTime "15:01:01 PDT"]
[Termination "Zapateado won by checkmate"]

1. c4 e6 2. e4 d5 3. cxd5 exd5 4. exd5 Nf6 5. Bb5+ Bd7 6. Bc4 Bg4 7. Qb3 b6 8. f3 Bh5 9. Nc3 Bc5 10. Nge2 O-O 11. d4 Bd6 12. O-O c6 13. Bg5 h6 14. Bh4 c5 15.
dxc5 Bxc5+ 16. Kh1 Re8 17. Ne4 Rxe4 18. fxe4 g5 19.
Nf4 gxh4 20. e5 Ng4 21. Nxh5 Nxe5 22. d6 Nbd7 23. Bxf7+ Kh8 24. Qe6 Qg5 25. Rf5 Qe3 26. Rxe5 Qxe5 27. Qxh6# 1-0

[Event "Late-Titled-Tuesday-Blitz-April-16-2024"]
[Site "Chess.com"]
[Date "2024.04.16"]
[Round "6"]
[White "Supelyel"]
[Black "CaspiIsrael"]
[Result "0-1"]
[WhiteElo "2431"]
[BlackElo "2713"]
[TimeControl "180+1"]
[EndTime "15:01:05 PDT"]
[Termination "CaspiIsrael won by resignation"]

1. c4 e6 2. Nc3 Bb4 3. Qc2 c5 4. Nf3 Nf6 5. a3 Ba5 6. d4 cxd4 7. Nxd4 O-O 8. e3 Nc6 9. Bd3 d5 10. b4 dxc4 11. Bxh7+ Nxh7 12. Nxc6 bxc6 13. bxa5 Qd3 14. Ra2 Rd8 15. Bd2 Rb8 16. Rb2 Ba6 17. f3 Nf6 18. e4 Rb3 19. Qxd3 Rxd3 20. Rxb3 cxb3 21. Kd1 Nd7 22.
Kc1 c5 23. Rd1 c4 24. Kb2 Nc5 25. Be1 Rxd1 26. Nxd1 Nd3+ 27. Kc3 Nxe1 28. Nb2 Nxg2 29. Na4 Ne3 0-1

[Event "Late-Titled-Tuesday-Blitz-April-16-2024"]
[Site "Chess.com"]
[Date "2024.04.16"]
[Round "6"]
[White "Meri-Arabidze"]
[Black "1g60-1"]
[Result "1-0"]
[WhiteElo "2656"]
[BlackElo "2440"]
[TimeControl "180+1"]
[EndTime "15:01:06 PDT"]
[Termination "Meri-Arabidze won by resignation"]

1. d4 e6 2. Nf3 f5 3. c4 Nf6 4.
Nc3 Be7 5. Bf4 O-O 6. e3 b6 7. h3 Bb7 8. Be2 Ne4 9. O-O d6 10. Nxe4 Bxe4 11. Nd2 Bb7 12. Bf3 Qc8 13. Rc1 Nd7 14.
b4 c5 15. a3 a6 16. Nb3 e5 17.
dxe5 dxe5 18. Bd5+ Kh8 19. Bh2 cxb4 20. axb4 Bxb4 21.
Be6 Qc6 22. Bd5 Qc7 23. Nd4 Bxd5 24. cxd5 Bc5 25. Ne6 Qd6 26. Nxf8 Rxf8 27. Qd3 a5 28. Rfd1 h6 29. Qb5 f4 30. exf4 Qf6 31. Qc6 Bd6 32.
Qxd7 exf4 33. Qe6 1-0

[Event "Late-Titled-Tuesday-Blitz-April-16-2024"]
[Site "Chess.com"]
[Date "2024.04.16"]
[Round "6"]
[White "Fandorine"]
[Black "DenLaz"]
[Result "0-1"]
[WhiteElo "2910"]
[BlackElo "3115"]
[TimeControl "180+1"]
[EndTime "15:01:07 PDT"]
[Termination "DenLaz won by resignation"]

1. e4 c5 2. Nf3 e6 3. g3 Nc6 4. Bg2 Nf6 5. Qe2 e5 6. O-O Be7 7. Nc3 O-O 8. Nd5 d6 9. c3 Re8 10. a4 h6 11. d3 Be6 12. Nd2 Bf8 13. Nc4 Bxd5 14. exd5 Ne7 15. a5 Nexd5 16. a6 b5 17. Na3 Rb8 18. c4 bxc4 19. dxc4 Nc7 20. Rd1 Ne6 21.
Be3 Nd4 22. Bxd4 exd4 23. Qc2 Qb6 24. Nb5 d5 25. b3 Re5 26. Re1 Rxe1+ 27. Rxe1 Qxa6 28.
h3 Qb6 29. Ra1 a6 30. Na3 dxc4 31. Nxc4 Qxb3 32. Qxb3 Rxb3 33. Rxa6 Rc3 34. Ne5 d3 35. Ra1 d2 36. Rd1 Rc1 37. Bf3 c4 38. Kf1 c3 39.
Nd3 c2 40. Rxc1 dxc1=Q+ 41. Nxc1 Ba3 0-1

[Event "Late-Titled-Tuesday-Blitz-April-16-2024"]
[Site "Chess.com"]
[Date "2024.04.16"]
[Round "6"]
[White "ChessBrainiacOnTwitch"]
[Black "Jospem"]
[Result "0-1"]
[WhiteElo "2832"]
[BlackElo "3056"]
[TimeControl "180+1"]
[EndTime "15:01:17 PDT"]
[Termination "Jospem won by checkmate"]

1. e4 c5 2. Nf3 d6 3. d4 cxd4 4. Nxd4 a6 5. Nc3 e6 6. g4 b5 7.
Bg2 Bb7 8. a3 Ne7 9. Be3 Nec6 10. Qe2 Nxd4 11. Bxd4 Nc6 12. Be3 Be7 13. O-O-O Qa5 14.
Kb1 b4 15. axb4 Nxb4 16. f4 Rc8 17. Bd2 O-O 18. h4 Rfe8 19. g5 d5 20. Be1 Bc5 21. Bf2 Bxf2 22. Qxf2 dxe4 23. Qe3 Bd5 24. Bxe4 Rxc3 25.
bxc3 Qa3 26. Qc1 Qa2# 0-1

[Event "Late-Titled-Tuesday-Blitz-April-16-2024"]
[Site "Chess.com"]
[Date "2024.04.16"]
[Round "6"]
[White "RuperezA"]
[Black "DanielDardha2005"]
[Result "0-1"]
[WhiteElo "2611"]
[BlackElo "2874"]
[TimeControl "180+1"]
[EndTime "15:01:17 PDT"]
[Termination "DanielDardha2005 won by resignation"]

1. e4 b5 2. Bxb5 Bb7 3. Nc3 f5 4. e5 Bxg2 5. Nf3 Bxh1 6. e6 c6 7. exd7+ Qxd7 8. Bc4 Bxf3 9. Qxf3 Nf6 10. d4 e6 11. Bg5 Be7 12. O-O-O Nd5 13. h4 Bxg5+ 14. hxg5 Qe7 15. Nxd5 cxd5 16. Bxd5 exd5 17. Qxd5 Nc6 18. Qxc6+ Kf7 19. g6+ hxg6 20. Qc4+ Kf8 21. d5 Qd6 0-1

[Event "Late-Titled-Tuesday-Blitz-April-16-2024"]
[Site "Chess.com"]
[Date "2024.04.16"]
[Round "6"]
[White "ACollins05"]
[Black "Jahonas"]
[Result "1-0"]
[WhiteElo "2518"]
[BlackElo "2391"]
[TimeControl "180+1"]
[EndTime "15:01:22 PDT"]
[Termination "ACollins05 won by resignation"]

1. Nf3 d5 2. e3 Nf6 3. b3 c6 4. Bb2 Bg4 5. h3 Bh5 6. g4 Bg6 7. g5 Nfd7 8. h4 h5 9. Be2 Qc7 10. c4 e6 11. Nc3 Nc5 12. d3 dxc4 13. bxc4 Nba6 14. d4 Ne4 15. Nxe4 Bxe4 16. Bd3 Bb4+ 17. Ke2 Bxd3+ 18. Qxd3 O-O-O 19. Rab1 g6 20. Qe4 Rhe8 21. c5 Qa5 22. a3 Bc3 23. Ne5 Qb5+ 24. Qd3 Qxd3+ 25.
Nxd3 Bxb2 26. Rxb2 Nc7 27. Rhb1 Nb5 28. Rb3 e5 29. a4 Nc7 30. Nxe5 Rxe5 31. dxe5 Rd5 32.
Rxb7 Rxc5 33. Rxa7 Rxe5 34. Rbb7 Nd5 35. Rxf7 1-0

[Event "Late-Titled-Tuesday-Blitz-April-16-2024"]
[Site "Chess.com"]
[Date "2024.04.16"]
[Round "6"]
[White "duone"]
[Black "th3d4rkness"]
[Result "1-0"]
[WhiteElo "2320"]
[BlackElo "2137"]
[TimeControl "180+1"]
[EndTime "15:01:28 PDT"]
[Termination "duone won on time"]

1. e4 c5 2. Nf3 Nc6 3. d4 cxd4 4. Nxd4 Nf6 5. Nc3 e5 6. Ndb5 d6 7. Bg5 a6 8. Na3 b5 9. Nab1 Be6 10. a4 b4 11. Nd5 Bxd5 12. exd5 Ne7 13. Bxf6 gxf6 14. c3 bxc3 15. Nxc3 Bg7 16. Bd3 f5 17. O-O O-O 18. Bc2 Rb8 19. Qc1 Ng6 20. Bxf5 Nh4 21. Bc2 f5 22.
Rb1 Qf6 23. Qe3 Rb4 24. Kh1 Rg4 25. Rg1 Bh6 26. Qh3 Bd2 27. f3 Rg7 28. Ne2 Kh8 29. Ng3 Bf4 30. Nh5 1-0

[Event "Late-Titled-Tuesday-Blitz-April-16-2024"]
[Site "Chess.com"]
[Date "2024.04.16"]
[Round "6"]
[White "Vahe_Danielyan"]
[Black "Respectful_Dave"]
[Result "1-0"]
[WhiteElo "2646"]
[BlackElo "2401"]
[TimeControl "180+1"]
[EndTime "15:01:31 PDT"]
[Termination "Vahe_Danielyan won on time"]

1. e4 c6 2. d4 d5 3. Nc3 dxe4 4. Nxe4 Bf5 5. Ng3 Bg6 6. h4 h6 7. Nf3 Nd7 8. Bd3 Bxd3 9. Qxd3 Ngf6 10. Bf4 Qa5+ 11.
Bd2 Qc7 12. O-O-O O-O-O 13. Kb1 e6 14. Qe2 Bd6 15. Ne4 Nxe4 16. Qxe4 Nf6 17. Qe2 Kb8 18. Rhe1 Rd7 19. c4 Rhd8 20. Bc3 Ka8 21. g3 c5 22. d5 exd5 23. Bxf6 gxf6 24. Rxd5 a6 25. Red1 Be5 26. Nxe5 fxe5 27. Qe4 Rxd5 28. Rxd5 Rxd5 29. Qxd5 f6 30. Kc2 Ka7 31. Kd3 Qh7+ 32. Ke3 Qe7 33. a4 a5 34. b3 b6 35. Kf3 f5 36. Ke3 f4+ 37.
Ke4 fxg3 38. fxg3 Qg7 39. Qxe5 Qg4+ 40. Qf4 Qe2+ 41. Qe3 Qg2+ 42. Ke5 Qh3 43. Kf6 Qg4 44. Qf4 1-0

[Event "Late-Titled-Tuesday-Blitz-April-16-2024"]
[Site "Chess.com"]
[Date "2024.04.16"]
[Round "6"]
[White "prochn"]
[Black "Hasangatin_Ramil"]
[Result "0-1"]
[WhiteElo "2440"]
[BlackElo "2646"]
[TimeControl "180+1"]
[EndTime "15:01:43 PDT"]
[Termination "Hasangatin_Ramil won by resignation"]

1. d4 d6 2. Nf3 Bg4 3. g3 Bxf3 4. exf3 g6 5. Bg2 Bg7 6. O-O Nf6 7. Re1 O-O 8. f4 c6 9. c3 e6 10. Bd2 d5 11. Na3 Qb6 12. Nc2 Nbd7 13. b4 a5 14. a3 Qc7 15. Ne3 b5 16. h4 h5 17.
Qc2 Nb6 18. Bf1 Nc4 19. Nxc4 dxc4 20. Bg2 Ra6 21. Rac1 Rfa8 22. Re5 axb4 23. axb4 Nd5 24. Ree1 Ra2 25. Qd1 Qa7 26. g4 hxg4 27. f5 exf5 28.
Bg5 Qa4 29. Qxa4 bxa4 30. Bf4 Nxf4 0-1

[Event "Late-Titled-Tuesday-Blitz-April-16-2024"]
[Site "Chess.com"]
[Date "2024.04.16"]
[Round "6"]
[White "Sanan_Sjugirov"]
[Black "albi1999"]
[Result "1-0"]
[WhiteElo "3019"]
[BlackElo "2676"]
[TimeControl "180+1"]
[EndTime "15:01:45 PDT"]
[Termination "Sanan_Sjugirov won by resignation"]

1. e4 e5 2. Nf3 Nc6 3. Bb5 a6 4.
Ba4 d6 5. O-O Bd7 6. c4 Bg4 7.
d4 exd4 8. Bxc6+ bxc6 9. Qxd4 Bxf3 10. gxf3 Ne7 11. Nc3 c5 12. Qd3 Nc6 13. f4 Be7 14. Kh1 O-O 15. Rg1 Kh8 16. Nd5 Bf6 17. Nxf6 Qxf6 18. Bd2 Nd4 19. f5 Rae8 20. Bc3 Qh4 21. f3 Qh5 22. Rg3 f6 23. Bxd4 cxd4 24. Qxd4 Re5 25. Rag1 Rf7 26. b4 Rd7 27. Qa7 a5 28. bxa5 Qe8 29. a6 Ra5 30. Qb7 c5 31. Rxg7 Rxb7 32.
axb7 Rxa2 33. Rg8+ Qxg8 34. Rxg8+ Kxg8 35. b8=Q+ Kg7 36. Qxd6 1-0

[Event "Late-Titled-Tuesday-Blitz-April-16-2024"]
[Site "Chess.com"]
[Date "2024.04.16"]
[Round "6"]
[White "Smiechu"]
[Black "AlexPapasimakopoulos"]
[Result "0-1"]
[WhiteElo "2413"]
[BlackElo "2644"]
[TimeControl "180+1"]
[EndTime "15:01:45 PDT"]
[Termination "AlexPapasimakopoulos won by resignation"]

1. e4 e6 2. d4 d5 3. Bd3 c5 4. exd5 exd5 5. Nf3 c4 6. Be2 Nf6 7. O-O Bd6 8. h3 O-O 9. Re1 Nc6 10. Nc3 h6 11. Bf1 Bf5 12. Ne5 Re8 13. Bf4 a6 14. Re3 Qc7 15. Qf3 Nxd4 16. Qd1 Nxc2 17. Re2 Nxa1 18. Nxd5 Nxd5 19. Qxd5 Rad8 20. Nxc4 Bxf4 21. Qxf5 Rxe2 22. Bxe2 b5 23. g3 Bxg3 24. fxg3 Qxg3+ 25. Kf1 bxc4 26. Bxc4 Qc7 0-1

[Event "Late-Titled-Tuesday-Blitz-April-16-2024"]
[Site "Chess.com"]
[Date "2024.04.16"]
[Round "6"]
[White "GAO"]
[Black "zano2023"]
[Result "0-1"]
[WhiteElo "2293"]
[BlackElo "2179"]
[TimeControl "180+1"]
[EndTime "15:01:47 PDT"]
[Termination "zano2023 won by resignation"]

1. e4 e5 2. Nf3 d6 3. d4 f5 4.
dxe5 fxe4 5. Ng5 d5 6. e6 Nh6 7. Nc3 c6 8. Nf7 Nxf7 9. exf7+ Kxf7 10. Be2 Bc5 11. O-O Rf8 12. Be3 Bxe3 13. fxe3+ Kg8 14. Qd4 Nd7 15. Nxe4 dxe4 16. Bc4+ Kh8 17. Rxf8+ Qxf8 18. Rf1 Nf6 19. Qxe4 Bd7 20. Qh4 Qe7 21. Rf3 Be6 22. Bd3 Bg8 23. h3 Re8 24. Qa4 b5 25. Qd4 c5 26.
Qc3 c4 27. Bf1 Ne4 28. Qd4 Rd8 29. Qxe4 Qxe4 0-1

[Event "Late-Titled-Tuesday-Blitz-April-16-2024"]
[Site "Chess.com"]
[Date "2024.04.16"]
[Round "6"]
[White "dennisodessa"]
[Black "lamomiajunior"]
[Result "0-1"]
[WhiteElo "2541"]
[BlackElo "2731"]
[TimeControl "180+1"]
[EndTime "15:01:54 PDT"]
[Termination "lamomiajunior won by resignation"]

1. d4 Nf6 2. c4 e6 3. Nc3 Bb4 4.
Qc2 d5 5. a3 Bxc3+ 6. Qxc3 O-O 7. Bg5 b6 8. Nf3 Bb7 9. e3 Nbd7 10. cxd5 exd5 11. Bd3 c5 12. O-O Rc8 13. Rac1 h6 14.
Bh4 Qe7 15. Bf5 g5 16. Bg3 Ne4 17. Qd3 Rce8 18. Ne5 Nxe5 19. Bxe5 f6 20. Bg3 c4 21. Qc2 Nxg3 22. hxg3 Rd8 23. Rfe1 Bc8 24. f3 Bxf5 25. Qxf5 Qh7 26. g4 Qxf5 27. gxf5 Kf7 28. Rcd1 b5 29.
e4 a5 30. e5 Rfe8 31. e6+ Ke7 32. g4 h5 33. gxh5 Rh8 34. Kg2 Rxh5 35. Rh1 Rdh8 36.
Rxh5 Rxh5 37. f4 gxf4 38. Kf3 Rxf5 39. Re1 Rh5 40. Kxf4 Rh4+ 41. Ke3 Re4+ 0-1

[Event "Late-Titled-Tuesday-Blitz-April-16-2024"]
[Site "Chess.com"]
[Date "2024.04.16"]
[Round "6"]
[White "2L8IWUN"]
[Black "Kildepiotr"]
[Result "0-1"]
[WhiteElo "2085"]
[BlackElo "2700"]
[TimeControl "180+1"]
[EndTime "15:01:55 PDT"]
[Termination "Kildepiotr won on time"]

1. d4 c5 2. c3 Nf6 3. Nf3 e6 4. Bf4 b6 5. Nbd2 Bb7 6. Nc4 d5 7.
Nce5 Be7 8. Qa4+ Nfd7 9. Nxd7 Qxd7 10. Qxd7+ Nxd7 11. e3 f6 12. h4 Kf7 13. Bd3 g6 14. O-O h6 15. Rfe1 g5 16. Bg3 f5 17. Bb5 Nf8 18. Be5 Rg8 19. h5 a6 20. Bd3 g4 21.
Nd2 Nd7 22. f4 gxf3 23. Nxf3 Rg4 24. Kf2 Rag8 25. Rg1 Nf6 26. Bc7 Nd7 27. a4 c4 28.
Be2 Bf6 29. Ne5+ Bxe5 30. Bxe5 Nxe5 31. dxe5 Re4 0-1

[Event "Late-Titled-Tuesday-Blitz-April-16-2024"]
[Site "Chess.com"]
[Date "2024.04.16"]
[Round "6"]
[White "LUISMIGUELOV"]
[Black "Fjal"]
[Result "0-1"]
[WhiteElo "2180"]
[BlackElo "2316"]
[TimeControl "180+1"]
[EndTime "15:01:56 PDT"]
[Termination "Fjal won on time"]

1. d4 d6 2. c3 g6 3. Bf4 Bg7 4. Nf3 Bg4 5. e3 e5 6. dxe5 dxe5 7. Bg3 Qxd1+ 8. Kxd1 e4 9. h3 Bh5 10. Be2 exf3 11.
gxf3 Na6 12. Nd2 O-O-O 13. Ke1 Nc5 14. Ne4 Nd3+ 15. Bxd3 Bxf3 16. Bc4 Bxh1 17. Ng5 Nh6 18. Bxf7 Nxf7 19. Nxf7 Bf3 20. Nxh8 Bxh8 21. Bh4 Rd5 22. Bg3 c6 23. h4 g5 24. hxg5 Rxg5 25. Kd2 Rd5+ 26.
Kc2 Be4+ 27. Kb3 Rd2 28. Rg1 Bf6 29. f3 Bc2+ 30. Ka3 Be7+ 31. b4 Bd3 32. Be5 Bc4 33.
Ra1 b5 34. f4 Kd7 35. f5 h5 36. e4 h4 37. Bf4 Re2 38. e5 h3 39. e6+ Ke8 40. Bb8 a5 41. Bc7 axb4+ 42. cxb4 Bf6 0-1

[Event "Late-Titled-Tuesday-Blitz-April-16-2024"]
[Site "Chess.com"]
[Date "2024.04.16"]
[Round "6"]
[White "jbking07"]
[Black "Glidzhian_Gor"]
[Result "1-0"]
[WhiteElo "2430"]
[BlackElo "2568"]
[TimeControl "180+1"]
[EndTime "15:01:57 PDT"]
[Termination "jbking07 won on time"]

1. e4 c5 2. Nf3 Nc6 3. Bb5 Nf6 4. Qe2 e5 5. Bxc6 dxc6 6. d3 Bg4 7. h3 Bxf3 8. Qxf3 Be7 9. Qg3 Qd6 10. Nd2 b5 11. Nf3 Nd7 12. Qxg7 O-O-O 13. Qxf7 Rdf8 14. Qh5 Rhg8 15. Be3 Rxg2 16. O-O-O Qg6 17. Qxg6 hxg6 18. Rdg1 Rxg1+ 19. Nxg1 Bh4 20. Rh2 c4 21. Rg2 cxd3 22. cxd3 g5 23.
Ne2 Rf3 24. Kd2 Rxh3 25. Bxg5 Bxg5+ 26. Rxg5 Rf3 27. Rf5 Rxf5 28. exf5 Nf6 29. Ke3 Kd7 30. f4 exf4+ 31. Kxf4 Kd6 32. Nc3 Ke7 33. Ke5 Nd7+ 34.
Kf4 Nf6 35. Ne4 Nd7 36. b4 Nb6 37. Ke5 Nd5 38. f6+ Kd7 39. a3 Ne3 40. Nc5+ Ke8 41. Ke6 1-0

[Event "Late-Titled-Tuesday-Blitz-April-16-2024"]
[Site "Chess.com"]
[Date "2024.04.16"]
[Round "6"]
[White "Rainbow2014"]
[Black "BeanScreen"]
[Result "0-1"]
[WhiteElo "2444"]
[BlackElo "2662"]
[TimeControl "180+1"]
[EndTime "15:01:58 PDT"]
[Termination "BeanScreen won by checkmate"]

1. e4 e5 2. Nf3 Nc6 3. Bb5 f5 4. Nc3 fxe4 5. Nxe4 Nf6 6. Qe2 d5 7. Nxf6+ gxf6 8. O-O Bg4 9. h3 Bh5 10. Qe3 Bd6 11. d4 e4 12. Nh4 Qd7 13. Qh6 Bf7 14. Qxf6 Rg8 15. Nf5 Rg6 16. Nxd6+ cxd6 17. Qh4 a6 18. Be2 Nxd4 19. Bg4 Be6 20. Bh5 Nf3+ 21. Bxf3 exf3 22. g3 Bxh3 23. Re1+ Be6 24. Bd2 Rc8 25.
Qh5 Qf7 26. Qxd5 Rxg3+ 27. fxg3 f2+ 28. Kg2 f1=Q+ 29. Rxf1 Bxd5+ 30. Kg1 Qh5 31. Rae1+ Kd7 32. Rf4 Qh1+ 33. Kf2 Qg2+ 34. Ke3 Re8+ 35. Kd4 Qxd2# 0-1

[Event "Late-Titled-Tuesday-Blitz-April-16-2024"]
[Site "Chess.com"]
[Date "2024.04.16"]
[Round "6"]
[White "maurovargas01"]
[Black "PhileKhoob"]
[Result "0-1"]
[WhiteElo "1899"]
[BlackElo "2297"]
[TimeControl "180+1"]
[EndTime "15:01:58 PDT"]
[Termination "PhileKhoob won by resignation"]

1. e4 c6 2. Nc3 d5 3. f4 dxe4 4. Nxe4 Nf6 5. Nxf6+ exf6 6. Nf3 Bd6 7. c3 Bxf4 8. g3 Bd6 9. Bg2 O-O 10. d4 Re8+ 11.
Kf2 c5 12. Re1 Be6 13. d5 Bd7 14. Be3 Bg4 15. h3 Bh5 16. g4 Bg6 17. Qd2 Nd7 18. c4 Be4 19. b3 Bxf3 20. Bxf3 Ne5 21. Bg2 b6 22. Bf4 Re7 23. Re4 Qc7 24. Rae1 Rae8 25. Kg3 g5 26. Bxe5 Rxe5 27. Kf2 Rxe4 28. Rxe4 Be5 29. Qe2 Qd6 30. Kf1 Kg7 31. Bf3 b5 32.
Bg2 bxc4 33. bxc4 Rb8 34. Qc2 Rb2 35. Qd1 Rxa2 36. Re2 Ra3 37. Rb2 Bxb2 0-1

[Event "Late-Titled-Tuesday-Blitz-April-16-2024"]
[Site "Chess.com"]
[Date "2024.04.16"]
[Round "6"]
[White "Rawnsdale"]
[Black "SaqoChess_Twitch"]
[Result "0-1"]
[WhiteElo "2494"]
[BlackElo "2679"]
[TimeControl "180+1"]
[EndTime "15:02:02 PDT"]
[Termination "SaqoChess_Twitch won by resignation"]

1. e4 c5 2. Nf3 d6 3. d4 cxd4 4. Nxd4 Nf6 5. Nc3 g6 6. Bg5 Bg7 7. Qd2 O-O 8. O-O-O Nc6 9. Kb1 Nxd4 10. Qxd4 Be6 11.
f3 Qa5 12. Qa4 Qxg5 13. h4 Qc5 14. g4 a6 15. h5 b5 16. Qa5 b4 17. Qxc5 dxc5 18. Na4 c4 19. h6 Bh8 20. Nb6 Rad8 21. Bxc4 Bxc4 22. Nxc4 Nd7 23. Rd5 e6 24. Ra5 Nb8 25.
e5 Rd4 26. b3 Rfd8 27. Kb2 Nc6 28. Rc5 Ne7 29. a3 bxa3+ 30. Kxa3 Nd5 31. Kb2 Rf4 32.
Rf1 f6 33. Nd2 f5 34. Nc4 fxg4 35. Rc6 Re8 36. Rxa6 Rxf3 37. Rfa1 Ne3 38. R1a4 Nxc4+ 39. Rxc4 Bxe5+ 40. Ka2 Rf1 41. c3 g3 42. Rg4 Bxc3 0-1

[Event "Late-Titled-Tuesday-Blitz-April-16-2024"]
[Site "Chess.com"]
[Date "2024.04.16"]
[Round "6"]
[White "cedchass2006"]
[Black "GMMikhailKazakov"]
[Result "1-0"]
[WhiteElo "2406"]
[BlackElo "2499"]
[TimeControl "180+1"]
[EndTime "15:02:05 PDT"]
[Termination "cedchass2006 won on time"]

1. e4 d6 2. d4 Nf6 3. Nc3 e5 4. Nf3 Nbd7 5. g4 Nxg4 6. Rg1 Ngf6 7. Be3 c6 8. Qd2 Qa5 9. O-O-O b5 10. dxe5 dxe5 11.
Kb1 b4 12. Na4 Qxa4 13. Nxe5 Qa5 14. Nxc6 Qa4 15. e5 Qxc6 16. exf6 Qxf6 17. Bg5 Qd6 18. Re1+ Ne5 19. Rxe5+ Be6 20. Bb5+ 1-0

[Event "Late-Titled-Tuesday-Blitz-April-16-2024"]
[Site "Chess.com"]
[Date "2024.04.16"]
[Round "6"]
[White "kalxandria"]
[Black "ChadBiryani"]
[Result "0-1"]
[WhiteElo "2224"]
[BlackElo "2467"]
[TimeControl "180+1"]
[EndTime "15:02:05 PDT"]
[Termination "ChadBiryani won by checkmate"]

1. e4 c5 2. Nf3 d6 3. d4 cxd4 4. Nxd4 Nf6 5. Nc3 Nc6 6. Bg5 g6 7. Bxf6 exf6 8. Bc4 Bg7 9. O-O O-O 10. Nxc6 bxc6 11. Qd2 f5 12. exf5 Bxf5 13. Bb3 d5 14.
Na4 Qd6 15. c3 Rad8 16. Rad1 Rfe8 17. Rfe1 Be5 18. g3 Bg4 19. Rc1 Bf3 20. Qe3 Be4 21. Qc5 Qf6 22. f4 Bd6 23. Qd4 Qf5 24.
Nc5 Bxc5 25. Qxc5 Qh3 26. Qf2 h5 27. c4 h4 28. cxd5 cxd5 29. Rc7 hxg3 30. Qxg3 Qh5 31. Rxa7 Rc8 32. Ra5 Qf5 33. Qg5 Qh3 34. Rxe4 Rxe4 35. Bxd5 Rc1+ 36. Kf2 Rf1# 0-1

[Event "Late-Titled-Tuesday-Blitz-April-16-2024"]
[Site "Chess.com"]
[Date "2024.04.16"]
[Round "6"]
[White "dosto07"]
[Black "IPAchess"]
[Result "1-0"]
[WhiteElo "2515"]
[BlackElo "2387"]
[TimeControl "180+1"]
[EndTime "15:02:06 PDT"]
[Termination "dosto07 won by resignation"]

1. e4 e5 2. Nf3 Nc6 3. Bb5 a6 4. Ba4 Nf6 5. O-O d6 6. Bxc6+ bxc6 7. d4 exd4 8. Nxd4 c5 9. Ne2 Be7 10. Nbc3 O-O 11. f3 Bb7 12. Ng3 Re8 13. Nf5 Bf8 14.
Bg5 Bc8 15. Nd5 Bxf5 16. exf5 Be7 17. Nxe7+ Qxe7 18. Qd3 h6 19. Bh4 Qe3+ 20. Qxe3 Rxe3 21. Bxf6 gxf6 22. Rfe1 Rae8 23. Kf2 Rxe1 24. Rxe1 Re5 25. g4 Kf8 26. f4 Rxe1 27. Kxe1 Ke7 28. Kd2 d5 29. Kc3 Kd6 30. Kb3 c4+ 31. Kc3 Kc5 32.
b4+ cxb3 33. axb3 a5 34. h4 d4+ 35. Kd3 Kd5 36. g5 fxg5 37. fxg5 hxg5 38. hxg5 Ke5 39.
g6 fxg6 40. fxg6 Kf6 41. Kxd4 Kxg6 42. Kc5 Kf6 43. Kc6 Ke5 44. Kxc7 Kd4 45. Kb6 Kc3 46. Kxa5 1-0

[Event "Late-Titled-Tuesday-Blitz-April-16-2024"]
[Site "Chess.com"]
[Date "2024.04.16"]
[Round "6"]
[White "a-z30"]
[Black "ozates"]
[Result "0-1"]
[WhiteElo "2385"]
[BlackElo "2538"]
[TimeControl "180+1"]
[EndTime "15:02:11 PDT"]
[Termination "ozates won by checkmate"]

1. d3 e5 2. Nf3 d6 3. g3 c5 4. Bg2 g6 5. O-O Bg7 6. c4 Nc6 7. Nc3 Nge7 8. Rb1 O-O 9. a3 a5 10. b3 h6 11. Bb2 Be6 12. e3 Rb8 13. Qc2 f5 14. Rfd1 g5 15. Nd2 f4 16. Nd5 Bg4 17. Re1 f3 18. Bh1 Nxd5 19. cxd5 Ne7 20. h3 Bxh3 21.
Nxf3 Qd7 22. e4 Rf7 23. b4 Rbf8 24. Re3 g4 25. Nh4 Rxf2 26. Qxf2 Rxf2 27. Kxf2 cxb4 28. axb4 Qa4 29. Re2 axb4 30. Ra1 Qb3 31. Rd2 Bf6 32.
Ra8+ Kg7 33. Nf5+ Nxf5 34. exf5 Bg5 35. Re2 Qxd3 36. Rc8 Qxf5+ 37. Ke1 Qf1# 0-1